 Dungeon Crawl Stone Soup version 0.28-a0-511-gcc94558de3 (webtiles) character file.

Game seed: 10176829249423328743

56 frimble the Stinger (level 3, 0/26 HPs)
             Began as a Demonspawn Venom Mage on Sept 22, 2021.
             Slain by a worm (10 damage)
             ... on level 2 of the Dungeon.
             The game lasted 00:01:44 (2032 turns).

frimble the Stinger (Demonspawn Venom Mage)         Turns: 2032, Time: 00:01:45

Health: 0/26       AC:  5    Str:  8    XL:     3   Next: 69%
Magic:  3/6        EV: 12    Int: 17    God:
Gold:   51         SH:  0    Dex: 13    Spells: 5/6 levels left

rFire   . . .      SeeInvis .   g - +3 dagger
rCold   . . .      Faith    .   (no shield)
rNeg    . . .      Spirit   .   a - +0 robe
rPois   .          Reflect  .   (no helmet)
rElec   .          Harm     .   (no cloak)
rCorr   .          Rampage  .   e - +2 pair of gloves
Will    .....                   (no boots)
Stlth   ++........              (no amulet)
HPRegen 0.08/turn               (no ring)
MPRegen 0.10/turn               (no ring)

@: no status effects
A: talons 1, spiny 1
a: no special abilities


You were on level 2 of the Dungeon.
You visited 1 branch of the dungeon, and saw 2 of its levels.

You collected 51 gold pieces.

Inventory:

Hand Weapons
 d - a +0 dagger of flaming
 g - a +3 dagger (weapon)
Armour
 a - a +0 robe (worn)
 e - a +2 pair of gloves (worn)
Scrolls
 b - a scroll of enchant weapon {unknown}
 c - a scroll of noise {unknown}
 h - a scroll of identify {unknown}
Potions
 f - 2 potions of mutation {unknown}
 j - a potion of attraction {unknown}


   Skills:
 + Level 1.1 Fighting
 + Level 1.0 Short Blades
 - Level 2.0 Dodging
 - Level 2.1 Stealth
 - Level 2.2 Spellcasting
 - Level 1.2 Transmutations
 + Level 3.5 Poison Magic


You had 5 spell levels left.
You knew the following spells:

 Your Spells              Type           Power      Damage    Failure   Level
a - Sting                 Tmut/Pois      40%        1d5       7%          1

Your spell library contained the following spells:

 Spells                   Type           Power      Damage    Failure   Level
 Poisonous Vapours        Pois/Air       14%        N/A       14%         2
 Corpse Rot               Necr/Air       N/A        N/A       28%         2
 Mephitic Cloud           Conj/Pois/Air  5%         N/A       34%         3
 Olgreb's Toxic Radiance  Pois           13%        N/A       41%         4
 Gell's Gravitas          Tloc           0%         N/A       50%         3
 Lesser Beckoning         Tloc           1%         N/A       50%         3
 Teleport Other           Tloc           1%         N/A       50%         3
 Dispel Undead            Necr           1%         3d6       88%         4
 Death Channel            Necr           0%         N/A       100%        6


Dungeon Overview and Level Annotations

Branches:
Dungeon (2/15)

Altars:


Innate Abilities, Weirdness & Mutations

You have sharp toenails.
You are partially covered in sharp spines.


Message History

A worm is nearby!
A worm is nearby!
You hit the worm.
The worm is lightly wounded.
You barely miss the worm.
The worm is lightly wounded.
The worm bites you!
You are too injured to fight recklessly!
You are too injured to fight recklessly!
You are too injured to fight recklessly!
You are too injured to fight recklessly!
You are too injured to fight recklessly!
You are too injured to fight recklessly!
You are too injured to fight recklessly!
You are too injured to fight recklessly!
You are too injured to fight recklessly!
Casting: Sting (safe; 7% risk of failure)
Confirm with . or Enter, or press ? or * to list all spells.
Aiming: Sting (safe; 7% risk of failure)
Press: ? - help, Shift-Dir - straight line, f - worm
Aim: a worm (lightly wounded, 90% to hit)
The sting hits the worm.
The worm is poisoned.
The worm is moderately wounded.
The worm is struck by your spines. The worm bites you!
Casting: Sting (safe; 7% risk of failure)
Confirm with . or Enter, or press ? or * to list all spells.
Aiming: Sting (safe; 7% risk of failure)
Press: ? - help, Shift-Dir - straight line, f/p - worm
Aim: a worm (heavily wounded, poisoned, 90% to hit)
The sting hits the worm.
The worm looks even sicker.
The worm is severely wounded.
Casting: Sting (safe; 7% risk of failure)
Confirm with . or Enter, or press ? or * to list all spells.
Aiming: Sting (safe; 7% risk of failure)
Press: ? - help, Shift-Dir - straight line, f/p - worm
Aim: a worm (severely wounded, very poisoned, 90% to hit)
The sting hits the worm.
The worm looks even sicker.
The worm is almost dead.
The worm bites you!
You die...

#..#G#...#G#....#...
#..###..†### .# #...
#.......... #...
#.#.##..... #...
#.#.###..... #...
#.#.# #.....# #...
#.#.# #.....# #...
#.#.# ####### .....
#.#@# ###.. #w# #..
#.# ... #.. .## ###
. #


You could see a worm (very poisoned).

Vanquished Creatures
  A worm (D:2)
  2 dart slugs
  6 ball pythons
  3 endoplasms
  4 hobgoblins
  7 jackals (D:2)
  3 kobolds
  A quokka (D:2)
  5 bats
  2 frilled lizards (D:2)
  5 goblins
  4 rats
43 creatures vanquished.

Notes
Turn   | Place    | Note
-------+----------+-------------------------------------------
     0 | D:1      | frimble the Demonspawn Venom Mage began the quest for the
                  | Orb.
     0 | D:1      | Reached XP level 1. HP: 13/13 MP: 3/3
   132 | D:1      | Reached skill level 1 in Transmutations
   578 | D:1      | Gained mutation: You have sharp toenails. [demonic
                  | ancestry]
   578 | D:1      | Reached XP level 2. HP: 11/19 MP: 1/5
  1553 | D:2      | Gained mutation: You are partially covered in sharp spines.
                  | [demonic ancestry]
  1553 | D:2      | Reached XP level 3. HP: 17/25 MP: 4/6
  1914 | D:2      | Noticed a shining eye
  1916 | D:2      | Found a faded altar of an unknown god.
  1917 | D:2      | Noticed a floating eye
  1917 | D:2      | Noticed a golden eye
  1917 | D:2      | Noticed a shining eye
  1926 | D:2      | Reached skill level 1 in Fighting
  1969 | D:2      | Reached skill level 1 in Short Blades
  2032 | D:2      | Slain by a worm

Illustrated notes

Levels and vault maps discovered:
D:1:      dpeg_arrival_ternary, layout_basic
D:2:      layout_basic, hellmonk_ecumenical_altar_watching_god

Skill      XL: |  1  2  3 |
---------------+----------+-----
Transmutations | 1 |  1.2
Stealth        | 2 |  2.1
Dodging        | 2 |  2.0
Fighting       | 1 |  1.1
Short Blades   | 1 |  1.0
Spellcasting   | |  2.2
Poison Magic   | |  3.5

Action                   || total
-------------------------++-------
Melee: Unarmed           ||    12
       Dagger            ||    80
       Kick              ||    11
 Cast: Sting             ||    19
  Use: Scroll            ||     5
 Stab: Sleeping          ||     3
Armor: Robe              ||    29
Dodge: Dodged            ||    58

Table legend: (Time is in decaauts)
 A = Elapsed time spent in this place.
 B = Non-inter-level travel time spent in this place.
 C = Inter-level travel time spent in this place.
 D = Time resting spent in this place.
 E = Time spent auto-exploring this place.
 F = Levels seen in this place.
 G = Mean time per level.
                   A        B        C        D        E       F      G
               +--------+--------+--------+--------+--------+-----+--------+
         Total |   2029 |   1987 |     42 |      0 |   1663 |   2 | 1014.5 |
       Dungeon |   2029 |   1987 |     42 |      0 |   1663 |   2 | 1014.5 |
               +--------+--------+--------+--------+--------+-----+--------+

Top non-repeatable levels by time:
     D:1: 1446 daAuts
     D:2: 583 daAuts
